 Dungeon Crawl Stone Soup version 0.28.0 (webtiles) character file.

Game seed: 13938302058760451682

54 mandarbmax the Poker (level 3, -4/28 HPs)
             Began as a Merfolk Gladiator on Feb 13, 2022.
             Slain by a gnoll (8 damage)
             ... on level 2 of the Dungeon.
             The game lasted 00:02:15 (1326 turns).

mandarbmax the Poker (Merfolk Gladiator)            Turns: 1326, Time: 00:02:16

Health: -4/28      AC:  4    Str: 16    XL:     3   Next: 91%
Magic:  3/3        EV: 13    Int:  7    God:
Gold:   72         SH:  0    Dex: 15    Spells: 2/2 levels left

rFire   . . .      SeeInvis .   a - +0 trident
rCold   . . .      Faith    .   e - orb {*Rage}
rNeg    . . .      Spirit   .   b - +0 leather armour
rPois   .          Reflect  .   c - +0 helmet
rElec   .          Harm     .   (no cloak)
rCorr   .          Rampage  .   (no gloves)
Will    .....      Rage     20% (no boots)
Stlth   +.........              (no amulet)
HPRegen 0.09/turn               (no ring)
MPRegen 0.08/turn               (no ring)

@: on berserk cooldown, attractive, slowed, very slow
A: (nimble swimmer 2), mertail
a: no special abilities


You were on level 2 of the Dungeon.
You visited 1 branch of the dungeon, and saw 2 of its levels.

You collected 72 gold pieces.

Inventory:

Hand Weapons
 a - a +0 trident (weapon)
Missiles
 d - 3 throwing nets (quivered)
 i - 4 boomerangs
Armour
 b - a +0 leather armour (worn)
 c - a +0 helmet (worn)
 e - an orb of wrath (worn)
Scrolls
 f - a scroll of enchant armour {unknown}
 j - a scroll of identify {unknown}
Potions
 g - a potion of magic {unknown}
 h - a potion of attraction
 k - a potion of resistance {unknown}


   Skills:
 + Level 2.9 Fighting
 + Level 5.1 Polearms
 + Level 2.6 Throwing
 + Level 4.6 Dodging


You had 2 spell levels left.
You didn't know any spells.
Your spell library contained the following spells:

 Spells                   Type           Power      Damage    Failure   Level
 Portal Projectile        Hex/Tloc       0%         N/A       86%         3
 Blade Hands              Tmut           0%         N/A       100%        5
 Excruciating Wounds      Necr           0%         N/A       100%        5


Dungeon Overview and Level Annotations

Branches:
Dungeon (2/15)

Altars:


Innate Abilities, Weirdness & Mutations

((You are very nimble when in or above water. (Stealth+, EV+, Speed+++)))
Your lower body shifts to a powerful aquatic tail in water.


Message History

You kill the gnoll!
A gnoll comes into view. It is wielding a +0 flail.
Your Polearms skill increases to level 5!
Things that are here:
a +0 whip; a +0 robe; a gnoll corpse You feel a strong urge to attack something.
You are no longer berserk.
You are exhausted.
You feel yourself slow down. The gnoll completely misses you.
The gnoll hits you from afar with a +0 halberd.
You reach to attack!
You hit the gnoll but do no damage.
The gnoll hits you from afar with a +0 halberd.
You reach to attack!
You barely miss the gnoll. The gnoll barely misses you.
The gnoll hits you from afar with a +0 halberd!
You reach to attack!
You closely miss the gnoll. The gnoll misses you.
The gnoll hits you from afar with a +0 halberd.
You reach to attack!
You hit the gnoll but do no damage. The gnoll barely misses you.
You reach to attack!
You puncture the gnoll!
The gnoll is almost dead.
The gnoll closely misses you.
The gnoll hits you from afar with a +0 halberd!
You are too injured to fight recklessly!
Reach: a) +0 trident
Press: ? - help, Dir - move target, f/p - gnoll
Aim: a gnoll, wielding a +0 halberd (almost dead, about 36% to evade your +0 trident)
You reach to attack!
You hit the gnoll.
You kill the gnoll!
Reach: a) +0 trident
Press: ? - help, Dir - move target, f - gnoll
Aim: a gnoll, wielding a +0 flail (about 36% to evade your +0 trident)
You reach to attack!
You hit the gnoll.
The gnoll is heavily wounded.
The gnoll hits you with a +0 flail!
* * * LOW HITPOINT WARNING * * *
It was a potion of attraction.
You feel attractive to monsters. The gnoll hits you with a +0 flail!
You die...

#..............
#..............
#..............
#$.............
###.##.........
#. #........ #.
#).######
#.##..# #.@.#
#.#g# #. )# #.
.# #. .. #. ##
#. ##


You could see a gnoll.

Vanquished Creatures
  2 gnolls (D:2)
  A worm (D:2)
  2 ball pythons (D:1)
  5 endoplasms (D:1)
  A giant cockroach (D:1)
  2 goblins (D:1)
  A hobgoblin (D:1)
  2 kobolds (D:1)
  4 quokkas (D:1)
  2 bats (D:1)
  A frilled lizard (D:2)
  6 rats (D:1)
29 creatures vanquished.

Notes
Turn   | Place    | Note
-------+----------+-------------------------------------------
     0 | D:1      | mandarbmax the Merfolk Gladiator began the quest for the
                  | Orb.
     0 | D:1      | Reached XP level 1. HP: 16/16 MP: 1/1
   229 | D:1      | Reached XP level 2. HP: 23/23 MP: 2/2
   835 | D:1      | Reached XP level 3. HP: 28/28 MP: 3/3
  1316 | D:2      | Reached skill level 5 in Polearms
  1326 | D:2      | Slain by a gnoll

Illustrated notes

Levels and vault maps discovered:
D:1:      dpeg_arrival_ratfight, layout_loops_corners, solitary_fountain
D:2:      layout_basic, chequers_ecumenical_altar_island

Skill      XL: |  1  2  3 |
---------------+----------+-----
Polearms       | 5 |  5.1
Fighting       | |  2.9
Throwing       | |  2.6
Dodging        | |  4.6

Action                   || total
-------------------------++-------
Melee: Trident           ||    65
  Use: Potion            ||     1
 Stab: Sleeping          ||     4
       Distracted        ||     1
Armor: Leather armour    ||     7
Dodge: Dodged            ||    28
